 Dungeon Crawl Stone Soup version 0.20-a0-785-g17250f0 (webtiles) character file.

18 esteth the Insei (level 2, 0/21 HPs)
             Began as a Merfolk Transmuter on Feb 28, 2017.
             Slain by a kobold
             ... wielding a +0 whip
              (4 damage)
             ... on level 1 of the Dungeon.
             The game lasted 00:00:51 (362 turns).

esteth the Insei (Merfolk Transmuter)                Turns: 362, Time: 00:00:51

Health: 0/21       AC:  4    Str: 10    XL:     2   Next: 66%
Magic:  5/5        EV: 13    Int: 12    God:
Gold:   9          SH:  0    Dex: 14    Spells: 2/5 levels left

rFire    . . .     SeeInvis .     - Unarmed
rCold    . . .     Gourm    .   b - +0 robe
rNeg     . . .     Faith    .   (no shield)
rPois    .         Spirit   .   (helmet restricted)
rElec    .         Reflect  .   (no cloak)
rCorr    .         Harm     .   (no gloves)
MR       .....                  (no boots)
Stlth    +.........             (no amulet)
Regen    0.1/turn               (no ring)
MPRegen  0.1/turn               (no ring)

@: no status effects
A: change form in water, swift swim, stealthy swim, antennae 1, slimy green
scales 1
a: no special abilities


You were on level 1 of the Dungeon.
You were not hungry.

You visited 1 branch of the dungeon, and saw 1 of its levels.

You collected 9 gold pieces.

Inventory:

Missiles
 a - 12 arrows
Armour
 b - a +0 robe (worn)
Potions
 g - a potion of degeneration {unknown}
Books
 c - a book of Changes

   Spells                             Type                      Level
   a - Beastly Appendage              Transmutation                1
   b - Sticks to Snakes               Transmutation                2
   c - Spider Form                    Transmutation/Poison         3
   d - Ice Form                       Ice/Transmutation            4
   e - Blade Hands                    Transmutation                5
Comestibles
 d - a bread ration


   Skills:
 - Level 1.1 Fighting
 - Level 2.6 Dodging
 + Level 4.2 Unarmed Combat
 - Level 2.0 Spellcasting
 - Level 2.6 Transmutations


You had 2 spell levels left.
You knew the following spells:

 Your Spells              Type           Power        Failure   Level  Hunger
a - Beastly Appendage     Tmut           #.....       12%         1    ##.....
b - Sticks to Snakes      Tmut           #.......     14%         2    ###....


Dungeon Overview and Level Annotations

Branches:
Dungeon (1/15)

Altars:


Innate Abilities, Weirdness & Mutations

You revert to your normal form in water.
You are very nimble and swift while swimming.
You are very stealthy in the water. (Stealth+)
You have a pair of small antennae on your head.
You are partially covered in slimy green scales. (AC +2)


Message History

You completely miss the dart slug. The kobold closely misses you.
You hit the dart slug.
The dart slug is heavily wounded.
The dart slug launches a dart at you. The slug dart misses you.
The kobold closely misses you.
You hit the dart slug.
The dart slug is almost dead.
The kobold hits you with a whip. The dart slug launches a dart at you.
The slug dart hits you!
* * * LOW HITPOINT WARNING * * *
You hit the dart slug.
You kill the dart slug!
The bat hits you but does no damage. The kobold hits you but does no damage.
It was a potion of mutation.
You feel extremely strange. A pair of antennae grows on your head!
Slimy green scales grow over part of your body.
The bat closely misses you. The bat barely misses you.
The kobold hits you with a whip.
You die...

.........##..##..##.....# #
.........##.........###÷# #
.........##..#...#.####.# #
.............#..##.....♣# #
.>....................♣♣ #
.........b##....####..######
............r.........#...<#
.........(##K##...###.'....#
..(.....(lb@..........'....#
........####.##.#.###)#....#
#####.#.. ...........######
#.#.# #.##........♣ #.#.#
##.##.##..##.♣ . #..
.......#.....♣ # #..
.............♣ #.
.......####...# ....... ...#


You could see a bat, a kobold, a frilled lizard and a rat.

Vanquished Creatures
  A dart slug (D:1)
  4 goblins (D:1)
  4 jackals (D:1)
  A kobold (D:1)
  3 bats (D:1)
  A rat (D:1)
14 creatures vanquished.

Notes
Turn   | Place    | Note
-------+----------+-------------------------------------------
     0 | D:1      | esteth the Merfolk Transmuter began the quest for the Orb.
     0 | D:1      | Reached XP level 1. HP: 15/15 MP: 3/3
    34 | D:1      | Reached XP level 2. HP: 17/21 MP: 5/5
    64 | D:1      | Reached skill level 4 in Unarmed Combat
   329 | D:1      | Learned a level 2 spell: Sticks to Snakes
   362 | D:1      | Gained mutation: You have a pair of small antennae on your head. [potion of mutation]
   362 | D:1      | Gained mutation: You are partially covered in slimy green scales. (AC +2) [potion of mutation]
   362 | D:1      | Slain by a kobold

Vault maps used:
D:1:      sevenhm_arrival_forest_fort_small_6

Skill      XL: |  1  2 |
---------------+-------+-----
Unarmed Combat | 4 |  4.2
Fighting       | |  1.1
Dodging        | |  2.6
Spellcasting   | |  2.0
Transmutations | |  2.6

Action                   || total
-------------------------++-------
Melee: Unarmed           ||    43
       Headbutt          ||     1
 Cast: Beastly Appendage ||     1
  Use: Potion            ||     1
 Stab: Sleeping          ||     1
Armor: Robe              ||    14
Dodge: Dodged            ||    46
